 Dungeon Crawl Stone Soup version 0.30-a0-808-g6e0788376e (webtiles) character file.

Game seed: 11005439444865374499

65067 demibob the Fighter (level 14, -4/121 HPs)
             Began as a Demonspawn Gladiator on Feb 25, 2023.
             Was an Initiate of Gozag.
             Slain by a catoblepas (29 damage)
             ... on level 5 of the Lair of Beasts.
             The game lasted 00:36:22 (21020 turns).

demibob the Fighter (Demonspawn Gladiator)         Turns: 21020, Time: 00:36:23

Health: -4/121     AC: 14    Str: 11    XL:     14   Next: 74%
Magic:  14/14      EV: 21    Int: 12    God:    Gozag
Gold:   2828       SH:  0    Dex: 18    Spells: 13/13 levels left

rFire   . . .      SeeInvis .    a - +1 trident (elec)
rCold   . . .      Faith    .    (no shield)
rNeg    + . .      Spirit   .    A - +0 swamp dragon scales
rPois   +          Reflect  .    Q - +0 helmet of the Rotten Tarantula {-Cast Fly Regen+ rCorr}
rElec   .          Harm     .    y - +0 cloak of Lesser Demons {rPois rN+ Str-5}
rCorr   +          Rampage  .    i - +0 pair of gloves
Will    ++...      NoCast   +    (no boots)
Stlth   +                        w - amulet of the acrobat
HPRegen 1.20/turn                W - ring of willpower
MPRegen 0.14/turn                E - +5 ring of evasion

@: gold aura, flying
A: demonic guardian 2, big brain 1, weakness stinger 2
a: Renounce Religion, Potion Petition, Call Merchant, Bribe Branch


You were on level 5 of the Lair of Beasts.
You worshipped Gozag.
Gozag was most pleased with you.
You visited 3 branches of the dungeon, and saw 18 of its levels.
You also visited: Bailey and Gauntlet.

You collected 7649 gold pieces.
You spent 579 gold pieces at shops.
You paid 4242 gold pieces to Gozag.


Innate Abilities, Weirdness & Mutations

A demonic guardian rushes to your aid.
You have an unusually large brain. (Int +2)
You have a tail ending in a sharp stinger.


   Skills:
 + Level 14.9 Fighting
 + Level 14.0 Polearms
 - Level 1.7 Throwing
 - Level 10.2 Armour
 - Level 10.7 Dodging
 - Level 4.6 Evocations


You had 13 spell levels left.
You didn't know any spells.
Your spell library contained the following spells:

 Spells                   Type           Power      Damage    Failure   Level
 Apportation              Tloc           0%         N/A       54%         1
 Freeze                   Ice            0%         1d3       54%         1
 Necrotise                Necr           0%         1d4       54%         1
 Summon Small Mammal      Summ           0%         N/A       54%         1
 Sublimation of Blood     Necr           0%         N/A       69%         2
 Frozen Ramparts          Ice            0%         1d1       89%         3
 Hailstorm                Conj/Ice       0%         3d3       89%         3
 Portal Projectile        Hex/Tloc       0%         N/A       89%         3
 Tukima's Dance           Hex            0%         N/A       89%         3
 Vampiric Draining        Necr           0%         2d6       89%         3
 Petrify                  Tmut/Erth      0%         N/A       100%        4
 Agony                    Necr           0%         N/A       100%        5
 Alistair's Intoxication  Tmut/Pois      0%         N/A       100%        5
 Blade Hands              Tmut           0%         N/A       100%        5
 Borgnjor's Vile Clutch   Necr/Erth      0%         N/A       100%        5
 Irradiate                Conj/Tmut      0%         3d11      100%        5
 Summon Forest            Summ/Tloc      0%         N/A       100%        5
 Eringya's Noxious Bog    Tmut/Pois      0%         N/A       100%        6
 Summon Hydra             Summ           0%         N/A       100%        7

Inventory:

Hand Weapons
 a - a +1 trident of electrocution (weapon)
 L - a +3 glaive of venom
Missiles
 e - 9 javelins (quivered)
 l - 2 throwing nets {=f}
Armour
 i - a +0 pair of gloves (worn)
 y - the +0 cloak of Lesser Demons (worn) {rPois rN+ Str-5}
   (You found it on level 5 of the Dungeon)

   Str:       It affects your strength (-5).
   rPois:     It protects you from poison.
   rN:        It protects you from negative energy.
 A - +0 swamp dragon scales (worn)
 K - a +2 plate armour of poison resistance
 Q - the +0 helmet of the Rotten Tarantula (worn) {-Cast Fly Regen+ rCorr}
   (You found it in a Gauntlet)

   Fly:       It grants you flight.
   -Cast:     It prevents spellcasting.
   Regen:     It increases your rate of health regeneration.
   rCorr:     It protects you from acid and corrosion.
Magical Staves
 d - a staff of poison {!a}
 H - a staff of earth {!a}
Jewellery
 w - an amulet of the acrobat (around neck)
 C - a ring of protection from cold
 E - a +5 ring of evasion (right hand)
 F - a ring of fire
 R - a ring of resist corrosion
 W - a ring of willpower (left hand)
 Z - a ring of wizardry
Wands
 g - a wand of polymorph (8)
 k - a wand of acid (13)
 t - a wand of flame (32)
 I - a wand of mindburst (12)
 M - a wand of charming (18)
 O - a wand of roots (4)
Scrolls
 b - 2 scrolls of magic mapping
 j - a scroll of brand weapon
 m - 2 scrolls of amnesia
 n - 4 scrolls of identify {@r1}
 s - 3 scrolls of enchant armour
 u - 2 scrolls of blinking
 B - 6 scrolls of teleportation {@r2}
 D - 3 scrolls of enchant weapon
 G - a scroll of poison
 J - 4 scrolls of fog
Potions
 f - 6 potions of ambrosia
 h - 2 potions of cancellation
 o - 2 potions of curing {@q1}
 p - 7 potions of lignification
 q - 3 potions of haste {@q3}
 r - 2 potions of degeneration
 v - 2 potions of brilliance
 x - 7 potions of flight
 z - a potion of attraction {unknown}
 N - 2 potions of magic
Miscellaneous
 c - a piece from Xom's chessboard (15/15)

Dungeon Overview and Level Annotations

Branches:
Dungeon (12/15)            Temple (1/1) D:7            Lair (5/5) D:11
 Shoals (0/4) Lair:3        Snake (0/4) Lair:2        Slime (0/5) Lair:5
    Orc (0/2) D:10         Bailey (visited)         Gauntlet (visited)

Altars:
Ashenzari
Cheibriados
Dithmenos
Gozag
Hepliaklqana
Kikubaaqudgha
Makhleb
Nemelex Xobeh
Okawaru
Ru
Sif Muna
Trog
Uskayaw
Vehumet
Wu Jian
Yredelemnul
Jiyva

Shops:
D:8 (   D:9 (   D:11 (   Lair:1 ( Lair:2

[
##..≈.≈≈##.....#####..##.......
##....≈≈##.....#...#...#.......
#....######.####...#..P###..##.
####..## ######.......# ##.##.
#.#....###
###.P#.###..####..#..
.#.#.....#
##§...#......##.#..##.
..##....##
#.§.....#....###......
..##..(## #..§.#......##
#...#.# ....#..###
#..§.@.#...## #.###..
#........# #..#Y###..##
######.# ###.#..####.. #k..##.#
#.#.#.## ###### #P #k.3!###
#.....## # #...## #.###.##
###.# ####.#.# .# ###.. ..
#.... ..# ##...


You could see a catoblepas and a lindwurm.


Message History

The catoblepas gores you but does no damage.
You hit the catoblepas.
The catoblepas is moderately wounded.
You hit the catoblepas.
The catoblepas is heavily wounded.
The catoblepas gores you!!
You hit the catoblepas but do no damage.
The catoblepas is heavily wounded.
You hit the catoblepas.
The catoblepas is heavily wounded.
The catoblepas gores you!
* * * LOW HITPOINT WARNING * * *
You hit the catoblepas but do no damage.
The catoblepas is heavily wounded.
The catoblepas gores you!!
* * * LOW HITPOINT WARNING * * *
The lindwurm attacks as you move away! The lindwurm closely misses you.
The lindwurm claws you.
* * * LOW HITPOINT WARNING * * *
The lindwurm barely misses you. The lindwurm breathes flames at you.
The blast of flame hits you!!
* * * LOW HITPOINT WARNING * * *
A demonic guardian appears!
The catoblepas breathes a plume of calcifying dust at you.
The blast of calcifying dust hits you but does no damage.
You feel better.
You feel better. The catoblepas gores you!!
You die...
Your body crumbles into a pile of gold.

Skill      XL: |  1  2  3  4  5  6  7  8  9 10 11 12 13 14 |
---------------+-------------------------------------------+-----
Polearms       | 3 4 5 6 7 9 12 14 | 14.0
Armour         | 1 3 4 6 9 10 | 10.2
Fighting       | 3 7 11 13 14 | 14.9
Dodging        | 6 9 10 | 10.7
Evocations     | 4 |  4.6
Throwing       | |  1.7

Action                     |  1- 3 |  4- 6 |  7- 9 | 10-12 | 13-15 || total
---------------------------+-------+-------+-------+-------+-------++-------
  Melee: Trident           |   100 |   185 |   316 |   986 |  1302 ||  2889
         Tailslap          |     3 |    14 |    38 |   138 |   264 ||   457
         Punch             |     1 |     3 |     1 |    18 |    20 ||    43
  Throw: Throwing net      |       |     2 |     2 |       |       ||     4
         Javelin           |       |       |       |     1 |       ||     1
 Invoke: Call Merchant     |       |       |       |     4 |     1 ||     5
  Evoke: Wand              |       |       |       |    17 |     9 ||    26
    Use: Scroll            |     3 |    11 |     4 |    13 |    10 ||    41
         Potion            |       |     2 |     2 |    13 |     4 ||    21
   Stab: Sleeping          |     3 |     3 |       |       |       ||     6
         Held in net/web   |       |     1 |     2 |       |       ||     3
         Distracted        |       |       |     1 |     9 |     8 ||    18
         Invisible         |       |       |       |     1 |       ||     1
 Armour: Leather armour    |    34 |    14 |       |       |       ||    48
         Scale mail        |       |    31 |   108 |   187 |    12 ||   338
         Swamp dragon scal |       |       |       |       |   270 ||   270
  Dodge: Dodged            |    50 |    78 |    97 |   368 |   942 ||  1535

Levels and vault maps discovered:
D:1:      matt_arrival_spirals, layout_loops_ring, moated_statue
D:2:      layout_loops_ring, minmay_tetromino_o4
D:3:      layout_rooms, dk_vineyard_3, minmay_snake_closets
D:4:      layout_loops_cross
D:5:      layout_rooms, lemuel_mausoleum_altar_kikubaaqudgha, uniq_ijyb
D:6:      layout_rooms, mainiacjoe_overflow_catwalk, vehumet_altar_wand_db,
          uniq_pikel, uniq_grinder, uniq_maggie
D:7:      layout_loops_ring, minmay_temple_entry_tees, serial_co_window_serial,
          co_window_of_opportunity_a, co_window_corner_a, co_window_paths_b,
          co_window_corner_a, co_window_corner_a, co_window_paths_b,
          co_window_of_opportunity_c, co_window_of_opportunity_c,
          co_window_cross_3, co_window_corner_b, co_window_of_opportunity_b,
          co_window_unsneaky_path_d, glass_columns_c, uniq_menkaure
D:8:      layout_loops_cross, mainiacjoe_overflow_swirl,
          nicolae_hepliaklqana_ecumenical_no_more, serial_co_window_serial,
          co_window_paths_a, co_window_of_opportunity_a, co_window_paths_a,
          co_window_paths_a, co_window_corner_a, co_window_unsneaky_path_e,
          co_window_paths_c, co_window_corner_b, co_window_of_opportunity_c,
          co_window_corner_ca, co_window_broadway_b, co_window_broadway_a,
          co_window_paths_d, glass_columns_a, glass_columns_c, glass_columns_b,
          glass_columns_c, uniq_gastronok
D:9:      layout_irregular_city, nicolae_uskayaw_dance_studio, enter_bailey_2
D:10:     layout_loops_ring, nicolae_elyvilon_peaceful_grove,
          kennysheep_orc_monster_closet_entryway
D:11:     layout_rooms, erik_lair_orcish_takeover
D:12:     layout_irregular_city, gauntlet_entry_generic
Temple:   dpeg_chambers_temple
Lair:1:   layout_long_grid, special_room [special_room_bee],
          hangedman_lair_unloving_vines
Lair:2:   layout_regular_city, minmay_snake_entry_six_corridors,
          serial_bayou_shore_b, grunt_megastairs_2
Lair:3:   layout_gridlike, elwin_shoals_entry_rocks, uniq_nessos
Lair:4:   layout_hall_layers, lemuel_fruit_tree, uniq_josephine
Lair:5:   hangedman_lair_in_review, layout_loops_ring,
          hangedman_lair_caniforms_friends, slime_entry_1, serial_rivers,
          chequers_serial_rivers_room_a, chequers_serial_rivers_room_a,
          chequers_serial_rivers_micro_d, chequers_serial_rivers_micro_d,
          chequers_serial_rivers_micro_c, uniq_rupert

Notes
Turn   | Place    | Note
-------+----------+-------------------------------------------
     0 | D:1      | demibob the Demonspawn Gladiator began the quest for the
                  | Orb.
     0 | D:1      | Reached XP level 1. HP: 16/16 MP: 1/1
    43 | D:1      | Reached skill level 3 in Polearms
   118 | D:1      | Gained mutation: You have a small tail. [demonic ancestry]
   118 | D:1      | Reached XP level 2. HP: 18/22 MP: 2/2
   539 | D:1      | Gained mutation: A weak demonic guardian rushes to your
                  | aid. [demonic ancestry]
   539 | D:1      | Reached XP level 3. HP: 27/27 MP: 3/3
   842 | D:2      | Reached skill level 4 in Polearms
  1001 | D:2      | Gained mutation: You have an unusually large brain. (Int
                  | +2) [demonic ancestry]
  1001 | D:2      | Reached XP level 4. HP: 28/33 MP: 4/4
  1653 | D:3      | Reached skill level 5 in Polearms
  1658 | D:3      | Gained mutation: A demonic guardian rushes to your aid.
                  | [demonic ancestry]
  1658 | D:3      | Reached XP level 5. HP: 19/38 MP: 5/5
  1829 | D:3      | Identified the +0 scale mail of Mug Reaz {Drain rF++ Str+4}
  2142 | D:3      | Reached skill level 1 in Armour
  2380 | D:4      | Noticed a phantom
  2394 | D:4      | Killed a phantom
  2395 | D:4      | Reached XP level 6. HP: 22/44 MP: 6/6
  2526 | D:4      | Reached skill level 6 in Polearms
  2526 | D:4      | Reached skill level 2 in Armour
  3096 | D:5      | Entered Level 5 of the Dungeon
  3114 | D:5      | Noticed an ice beast
  3123 | D:5      | Killed an ice beast
  3124 | D:5      | Reached skill level 3 in Armour
  3124 | D:5      | Reached XP level 7. HP: 50/50 MP: 7/7
  3142 | D:5      | Noticed Ijyb
  3147 | D:5      | Killed Ijyb
  3213 | D:5      | Identified the +0 cloak of Lesser Demons {rPois rN+ Str-5}
  3271 | D:5      | Reached skill level 4 in Armour
  3360 | D:5      | Reached skill level 7 in Polearms
  3718 | D:5      | Reached XP level 8. HP: 56/56 MP: 8/8
  3737 | D:5      | Found an ancient bone altar of Kikubaaqudgha.
  3745 | D:5      | Reached skill level 5 in Armour
  3893 | D:6      | Found an iron altar of Okawaru.
  3985 | D:6      | Noticed Maggie
  3994 | D:6      | Found a radiant altar of Vehumet.
  3997 | D:6      | Killed Maggie
  3998 | D:6      | Reached skill level 8 in Polearms
  3998 | D:6      | Reached skill level 6 in Armour
  4454 | D:6      | Noticed Grinder
  4484 | D:6      | Reached skill level 9 in Polearms
  4525 | D:6      | Reached XP level 9. HP: 42/61 MP: 9/9
  4538 | D:6      | Paralysed by Grinder for 2 turns
  4545 | D:6      | Noticed Pikel
  4546 | D:6      | Paralysed by Grinder for 4 turns
  4557 | D:6      | Killed Pikel
  4566 | D:6      | Killed Grinder
  4567 | D:6      | Reached skill level 10 in Polearms
  4970 | D:7      | Paralysed by a hornet for 2 turns
  5104 | D:7      | Found a staircase to the Ecumenical Temple.
  5121 | Temple   | Entered the Ecumenical Temple
  5259 | Temple   | Became a worshipper of Gozag Ym Sagoz the Greedy
  5301 | D:7      | Noticed Menkaure
  5315 | D:7      | Killed Menkaure
  5422 | D:7      | Reached skill level 11 in Polearms
  6419 | D:8      | Noticed a two-headed ogre
  6433 | D:8      | Killed a two-headed ogre
  6434 | D:8      | Reached skill level 12 in Polearms
  6434 | D:8      | Reached XP level 10. HP: 67/67 MP: 10/10
  7084 | D:8      | Reached skill level 13 in Polearms
  7525 | D:8      | Found a hazy altar of Hepliaklqana.
  7525 | D:8      | Noticed Gastronok
  7526 | D:8      | Found a faded altar of an unknown god.
  7540 | D:8      | Killed Gastronok
  7541 | D:8      | Found a faded altar of an unknown god.
  7817 | D:8      | Found a sparkling altar of Nemelex Xobeh.
  7826 | D:8      | Found a bloodstained altar of Trog.
  8018 | D:9      | Noticed a two-headed ogre
  8028 | D:9      | Killed a two-headed ogre
  8029 | D:9      | Reached skill level 14 in Polearms
  8075 | D:9      | Found a flagged portal.
  8082 | Bailey   | Entered a bailey
  8207 | Bailey   | Reached skill level 3 in Fighting
  8418 | Bailey   | Reached XP level 11. HP: 34/75 MP: 11/11
  8756 | Bailey   | Noticed an orc knight
  8792 | Bailey   | Killed an orc knight
  8793 | Bailey   | Reached skill level 4 in Fighting
  8793 | Bailey   | Reached skill level 7 in Armour
  9415 | D:9      | Found a hide-covered altar of Uskayaw.
 10041 | D:9      | Reached skill level 5 in Fighting
 10326 | D:9      | Identified a scroll of acquirement
 10326 | D:9      | Acquired 1217 gold pieces
 10330 | D:9      | Bought a glowing glaive for 275 gold pieces
 10332 | D:10     | Entered Level 10 of the Dungeon
 10542 | D:10     | Noticed a two-headed ogre
 10552 | D:10     | Killed a two-headed ogre
 10553 | D:10     | Reached skill level 8 in Armour
 10909 | D:10     | Reached skill level 6 in Fighting
 10998 | D:10     | Found a staircase to the Orcish Mines.
 11436 | D:11     | Noticed a two-headed ogre
 11455 | D:11     | Killed a two-headed ogre
 11456 | D:11     | Reached skill level 7 in Fighting
 11655 | D:11     | Reached skill level 9 in Armour
 11836 | D:11     | Noticed a boulder beetle
 11886 | D:11     | Found a staircase to the Lair.
 11888 | D:11     | Killed a boulder beetle
 12071 | D:11     | Reached XP level 12. HP: 85/92 MP: 12/12
 12080 | D:11     | Reached skill level 8 in Fighting
 12760 | D:11     | Reached skill level 10 in Armour
 12933 | D:11     | Bought a polished spear for 304 gold pieces
 12933 | D:11     | Identified the +2 spear of Interdependent Arising {venom,
                  | +Blink rF+ Dex-4} (You bought it in a shop on level 11 of
                  | the Dungeon)
 12959 | D:12     | Found a gate leading to a gauntlet.
 12983 | Gauntlet | Entered a Gauntlet
 12983 | Gauntlet | Found a transporter.
 12988 | Gauntlet | Noticed a catoblepas
 13050 | Gauntlet | Found a transporter.
 13053 | Gauntlet | Found a transporter.
 13054 | Gauntlet | Found a transporter.
 13063 | Gauntlet | Found a transporter.
 13065 | Gauntlet | Found a transporter.
 13066 | Gauntlet | Found a transporter.
 13075 | Gauntlet | Found a transporter.
 13078 | Gauntlet | Found a transporter.
 13079 | Gauntlet | Found a transporter.
 13081 | Gauntlet | Noticed a blizzard demon
 13090 | Gauntlet | Found a transporter.
 13090 | Gauntlet | Found a transporter.
 13091 | Gauntlet | Found a transporter.
 13099 | Gauntlet | Found a transporter.
 13207 | Gauntlet | Identified the +0 helmet of the Rotten Tarantula {-Cast Fly
                  | Regen+ rCorr}
 13336 | Gauntlet | Reached skill level 9 in Fighting
 13392 | Gauntlet | Noticed a minotaur
 13814 | D:12     | Reached skill level 3 in Dodging
 14170 | D:12     | Reached skill level 4 in Dodging
 14438 | D:12     | Acquired 768 gold pieces
 14482 | Lair:1   | Entered Level 1 of the Lair of Beasts
 14526 | Lair:1   | Reached skill level 10 in Fighting
 14623 | Lair:1   | Reached skill level 5 in Dodging
 14875 | Lair:1   | Noticed a death yak
 14892 | Lair:1   | Noticed a death yak
 14893 | Lair:1   | Noticed a death yak
 14904 | Lair:1   | Killed a death yak
 14910 | Lair:1   | Noticed a death yak
 14912 | Lair:1   | Noticed a death yak
 14912 | Lair:1   | Noticed a death yak
 15280 | Lair:1   | Killed a death yak
 15281 | Lair:1   | Reached skill level 6 in Dodging
 15297 | Lair:1   | Killed a death yak
 15302 | Lair:1   | Killed a death yak
 15303 | Lair:1   | Reached skill level 11 in Fighting
 15303 | Lair:1   | Gained mutation: You have a tail ending in a sharp stinger.
                  | [demonic ancestry]
 15303 | Lair:1   | Reached XP level 13. HP: 78/106 MP: 13/13
 15486 | Lair:2   | Found a staircase to the Snake Pit.
 15543 | Lair:2   | Reached skill level 7 in Dodging
 16649 | Lair:3   | Reached skill level 12 in Fighting
 16770 | Lair:3   | Reached skill level 8 in Dodging
 17101 | Lair:3   | Found a staircase to the Shoals.
 17103 | Lair:3   | Noticed Nessos
 17104 | Lair:3   | Nessos changed into Nessos the guardian serpent
 17104 | Lair:3   | Noticed Nessos
 17117 | Lair:3   | Killed Nessos the guardian serpent
 17730 | Lair:4   | Reached skill level 9 in Dodging
 17902 | Lair:4   | Noticed Josephine
 17934 | Lair:4   | Killed Josephine
 17936 | Lair:4   | Reached skill level 13 in Fighting
 18675 | Lair:5   | Entered Level 5 of the Lair of Beasts
 18834 | Lair:5   | Reached XP level 14. HP: 118/118 MP: 14/14
 19029 | Lair:5   | Reached skill level 10 in Dodging
 19291 | Lair:5   | HP: 3/119 [skyshark (12)]
 19579 | Lair:5   | Reached skill level 14 in Fighting
 19654 | Lair:5   | Found a viscous altar of Jiyva.
 19654 | Lair:5   | Found a staircase to the Slime Pits.
 19764 | Lair:5   | Identified the +2 robe of Melancholy {rPois rC+}
 19833 | Lair:5   | Noticed Rupert
 20007 | Lair:5   | Reached skill level 1 in Evocations
 20068 | Lair:5   | Killed Rupert
 20069 | Lair:5   | Reached skill level 2 in Evocations
 20225 | Lair:5   | Reached skill level 3 in Evocations
 20669 | Lair:5   | Reached skill level 4 in Evocations
 21017 | Lair:5   | HP: 4/121 [lindwurm/blast of flame (22)]
 21020 | Lair:5   | Slain by a catoblepas

Vanquished Creatures
  Rupert (Lair:5)
  Josephine (Lair:4)
  2 hydras
  2 boulder beetles
  2 two-headed ogres
  6 death yaks (Lair:1)
  3 skysharks
  Pikel (D:6)
  An orc knight (Bailey)
  An ugly thing (D:12)
  12 elephants
  3 manticores
  9 black mambas
  A smoke demon (Gauntlet)
  A torpor snail (Lair:5)
  A guardian serpent (Lair:3)
  3 rime drakes
  4 kobold demonologists
  15 cane toads
  8 komodo dragons
  4 trolls
  A queen bee (Lair:1)
  Grinder (D:6)
  10 polar bears
  2 dream sheep (Lair:5)
  8 blink frogs
  A flying skull (Gauntlet)
  2 shadows
  A vampire (D:10)
  4 wyverns
  5 basilisks
  5 wraiths (Lair:4)
  59 yaks
  4 steam dragons
  3 vampire mosquitoes (D:12)
  Menkaure (D:7)
  5 wargs
  16 hell hounds (Lair:5)
  2 acid dragons
  13 water moccasins
  2 ice beasts
  9 orc warriors
  3 sky beasts
  5 ogres (D:10)
  9 black bears (Lair:5)
  22 wolves
  3 centaurs
  3 lemures (D:6)
  2 phantoms
  9 kobold brigands
  10 bullfrogs
  4 gnoll sergeants
  2 necrophages (D:5)
  2 scorpions
  A water moccasin zombie (D:5)
  10 wights
  20 killer bees
  2 howler monkeys
  A centaur zombie (D:5)
  A bullfrog zombie (D:5)
  3 crimson imps (Gauntlet)
  A human zombie (D:5)
  A gnoll bouda (D:9)
  2 hounds
  5 orc priests
  A scorpion zombie (D:5)
  4 iguanas
  6 orc wizards
  Ijyb (D:5)
  A hound zombie (D:5)
  2 mummies (D:5)
  10 gnolls
  14 adders
  3 white imps
  An ufetubus (D:6)
  2 dart slugs
  38 orcs
  10 ball pythons
  11 endoplasms
  4 giant cockroaches (D:1)
  7 goblins
  7 hobgoblins
  4 jackals (D:2)
  20 kobolds
  4 quokkas
  6 bats
  2 frilled lizards
  6 rats
520 creatures vanquished.

Vanquished Creatures (collateral kills)
  Gastronok (D:8)
  A boulder beetle (D:11)
  2 two-headed ogres
  A skyshark (Lair:3)
  A gargoyle (D:12)
  Maggie (D:6)
  A komodo dragon (Lair:4)
  A polar bear (Lair:5)
  A hornet (D:7)
  3 yaks
  A hell hound (Lair:5)
  3 orc warriors
  2 black bears (Lair:5)
  An ogre (D:5)
  4 wolves (Lair:5)
  A lemure (D:6)
  A kobold brigand (D:10)
  2 gnoll sergeants (D:10)
  A wight (D:8)
  A bullfrog zombie (D:5)
  An orc wizard (D:3)
  7 orcs
38 creatures vanquished.

Vanquished Creatures (others)
  A wraith (D:12)
  An orc wizard (D:6)
  A bush (D:10)
  A butterfly (D:10)
  19 fungi
  36 plants
59 creatures vanquished.

Grand Total: 617 creatures vanquished

Table legend: (Time is in decaauts)
 A = Elapsed time spent in this place.
 B = Non-inter-level travel time spent in this place.
 C = Inter-level travel time spent in this place.
 D = Time resting spent in this place.
 E = Time spent auto-exploring this place.
 F = Levels seen in this place.
 G = Mean time per level.
                   A        B        C        D        E       F      G
               +--------+--------+--------+--------+--------+-----+--------+
         Total |  20071 |  19581 |    490 |   1816 |  13824 |  20 | 1003.5 |
       Dungeon |  12664 |  12404 |    260 |   1175 |   9127 |  12 | 1055.3 |
        Temple |    151 |    138 |     13 |      0 |    122 |   1 |  151.0 |
          Lair |   5951 |   5735 |    216 |    303 |   3933 |   5 | 1190.2 |
        Bailey |    863 |    863 |      0 |    247 |    471 |   1 |  863.0 |
      Gauntlet |    441 |    441 |      0 |     89 |    170 |   1 |  441.0 |
               +--------+--------+--------+--------+--------+-----+--------+

Top non-repeatable levels by time:
  Lair:5: 1749 daAuts
     D:8: 1554 daAuts
    D:11: 1469 daAuts
     D:9: 1361 daAuts
  Lair:4: 1290 daAuts
     D:7: 1284 daAuts
  Lair:2: 1089 daAuts
    D:10: 1027 daAuts
    D:12: 1012 daAuts
     D:6: 945 daAuts
  Lair:3: 917 daAuts
  Lair:1: 903 daAuts
     D:5: 896 daAuts
  Bailey: 863 daAuts
     D:1: 830 daAuts

Table legend:
 A = Non-vault XP
 B = Vault XP
 C = Vault XP percentage of total XP
 D = Non-vault monster count
 E = Vault monster count
 F = Vault count percentage of total count
                 A         B        C        D         E       F
            +---------+---------+-------+---------+---------+-------
      Total |   61616 |   31337 |  33.7 |     360 |     196 |  35.3
            +---------+---------+-------+---------+---------+-------
        D:1 |      51 |       0 |   0.0 |      27 |       0 |   0.0
        D:2 |      53 |      17 |  24.3 |      19 |       3 |  13.6
        D:3 |     121 |      74 |  37.9 |      18 |      10 |  35.7
        D:4 |     213 |       0 |   0.0 |      13 |       0 |   0.0
        D:5 |     539 |     630 |  53.9 |       9 |      13 |  59.1
        D:6 |     901 |    1278 |  58.7 |      19 |       4 |  17.4
        D:7 |    1383 |     169 |  10.9 |      18 |       1 |   5.3
        D:8 |    2765 |    1585 |  36.4 |      31 |       1 |   3.1
        D:9 |    3527 |     100 |   2.8 |      24 |       3 |  11.1
       D:10 |    1304 |    1830 |  58.4 |      11 |      20 |  64.5
       D:11 |    6926 |     407 |   5.6 |      32 |       7 |  17.9
       D:12 |    4247 |       0 |   0.0 |      16 |       0 |   0.0
     Lair:1 |    9077 |     995 |   9.9 |      28 |      12 |  30.0
     Lair:2 |    3010 |    4509 |  60.0 |       7 |      18 |  72.0
     Lair:3 |    7222 |     427 |   5.6 |      22 |       1 |   4.3
     Lair:4 |    7149 |    1933 |  21.3 |      24 |       6 |  20.0
     Lair:5 |   13128 |   14875 |  53.1 |      42 |      67 |  61.5
     Bailey |       0 |    1707 | 100.0 |       0 |      25 | 100.0
   Gauntlet |       0 |     801 | 100.0 |       0 |       5 | 100.0
            +---------+---------+-------+---------+---------+-------
